 Dungeon Crawl Stone Soup version 0.30-a0-422-g946f4849ff (webtiles) character file.

Game seed: 17985997937599517629

201 p00ps00p the Trooper (level 5, -1/47 HPs)
             Began as a Hill Orc Fighter on Dec 9, 2022.
             Slain by a goblin
             ... wielding a +0 club
             ... led by Robin
              (6 damage)
             ... on level 2 of the Dungeon.
             The game lasted 00:01:10 (960 turns).

p00ps00p the Trooper (Hill Orc Fighter)              Turns: 960, Time: 00:01:12

Health: -1/47      AC:  7    Str: 21    XL:     5   Next: 79%
Magic:  5/5        EV:  9    Int:  8    God:
Gold:   71         SH:  4    Dex: 10    Spells: 4/4 levels left

rFire   . . .      SeeInvis .    a - +0 war axe
rCold   . . .      Faith    .    c - +0 buckler
rNeg    . . .      Spirit   .    b - +0 scale mail
rPois   .          Reflect  .    (no helmet)
rElec   .          Harm     .    (no cloak)
rCorr   .          Rampage  .    (no gloves)
Will    .....                    (no boots)
Stlth   ..........               (no amulet)
HPRegen 0.27/turn                (no ring)
MPRegen 0.09/turn                (no ring)

@: mighty
A: no striking features
a: no special abilities


You were on level 2 of the Dungeon.
You visited 1 branch of the dungeon, and saw 2 of its levels.

You collected 71 gold pieces.

Inventory:

Hand Weapons
 a - a +0 war axe (weapon)
Missiles
 f - 2 throwing nets (quivered)
Armour
 b - a +0 scale mail (worn)
 c - a +0 buckler (worn)
Scrolls
 h - a scroll of identify {unknown}
 i - a scroll of vulnerability {unknown}
Potions
 e - a potion of invisibility {unknown}
 g - a potion of heal wounds {unknown}
 j - 2 potions of curing {unknown}


   Skills:
 + Level 4.9 Fighting
 + Level 4.4 Axes
 + Level 4.4 Armour
 + Level 4.4 Shields


You had 4 spell levels left.
You didn't know any spells.
Your spell library was empty.

Dungeon Overview and Level Annotations

Branches:
Dungeon (2/15)

Altars:

Annotations:
D:2 Robin


Message History

You are too injured to fight recklessly!
Unknown command.
You are too injured to fight recklessly!
Unknown command.
You are too injured to fight recklessly!
Unknown command.
You are too injured to fight recklessly!
You barely miss the goblin.
The goblin is severely wounded.
You closely miss the goblin. You barely miss the goblin.
You completely miss the hobgoblin. You slash the goblin!
You kill the goblin!
The goblin no longer looks unusually strong.
Robin hits you but does no damage. The goblin hits you with a +0 club.
You block the goblin's attack. The goblin hits you with a +0 dagger.
* * * LOW HITPOINT WARNING * * *
The goblin shoots a sling bullet.
The sling bullet hits you but does no damage.
You slash the goblin!
You kill the goblin!
You hit the hobgoblin.
You kill the hobgoblin!
You barely miss the goblin. You hit the goblin but do no damage.
The goblin no longer looks unusually strong.
Robin roars a battlecry!
The goblins go into a battle-frenzy!
The goblin hits you but does no damage. You block the goblin's attack.
Robin throws the goblin at you!
A goblin comes into view. It is wielding a +0 dagger.
The goblin hits you with a +0 club.
* * * LOW HITPOINT WARNING * * *
The goblin unwields a +0 sling.
The goblin wields a +0 dagger.
The goblin hits you with a +0 dagger.
* * * LOW HITPOINT WARNING * * *
You see here a +0 club.
You feel very mighty all of a sudden. Robin hits you with a +0 spear.
* * * LOW HITPOINT WARNING * * *
You block the goblin's attack. The goblin hits you with a +0 club.
You die...

#.####†###.....##..
#......##.........#
#####..##.........#
#####...#.............#
...#.#.#.............#
#...#.#.........###.#
#.....#.#...###.# #.#
#.#.g))?##### #.###.#
#...@g..# #......
#..g)g..# #####..
#...##### #.. ......
#########.# .......
........#.# .......
........†)# .g.....
........#.# .....##
........### ...........


You could see Robin and 4 goblins.

Vanquished Creatures
  Sigmund (D:2)
  2 adders (D:2)
  2 bats (D:1)
  An endoplasm (D:1)
  2 giant cockroaches (D:1)
  8 goblins
  6 hobgoblins
  A quokka (D:1)
  2 frilled lizards (D:1)
  7 kobolds
  2 rats (D:1)
34 creatures vanquished.

Notes
Turn   | Place    | Note
-------+----------+-------------------------------------------
     0 | D:1      | p00ps00p the Hill Orc Fighter began the quest for the Orb.
     0 | D:1      | Reached XP level 1. HP: 19/19 MP: 1/1
    58 | D:1      | Reached XP level 2. HP: 27/27 MP: 2/2
   736 | D:2      | Noticed Sigmund
   743 | D:2      | Killed Sigmund
   744 | D:2      | Reached XP level 3. HP: 15/34 MP: 3/3
   744 | D:2      | Reached XP level 4. HP: 18/41 MP: 4/4
   744 | D:2      | Reached XP level 5. HP: 21/47 MP: 5/5
   948 | D:2      | Noticed Robin
   960 | D:2      | Slain by a goblin

Illustrated notes

Levels and vault maps discovered:
D:1:      nicolae_arrival_washed_ashore, layout_loops_ring, solitary_fountain
D:2:      layout_basic, uniq_robin, uniq_jessica, uniq_sigmund

Skill      XL: |  1  2 |
---------------+-------+-----
Axes           | 4 |  4.4
Fighting       | 4 |  4.9
Armour         | 4 |  4.4
Shields        | 4 |  4.4

Action                   |  1- 3 |  4- 6 || total
-------------------------+-------+-------++-------
Melee: War axe           |    41 |    26 ||    67
  Use: Potion            |     1 |     1 ||     2
Armor: Scale mail        |    17 |    27 ||    44
Dodge: Dodged            |    14 |    15 ||    29
Block: Buckler           |     8 |    14 ||    22

Table legend: (Time is in decaauts)
 A = Elapsed time spent in this place.
 B = Non-inter-level travel time spent in this place.
 C = Inter-level travel time spent in this place.
 D = Time resting spent in this place.
 E = Time spent auto-exploring this place.
 F = Levels seen in this place.
 G = Mean time per level.
                   A        B        C        D        E       F      G
               +--------+--------+--------+--------+--------+-----+--------+
         Total |    984 |    965 |     19 |      0 |    801 |   2 |  492.0 |
       Dungeon |    984 |    965 |     19 |      0 |    801 |   2 |  492.0 |
               +--------+--------+--------+--------+--------+-----+--------+

Top non-repeatable levels by time:
     D:1: 733 daAuts
     D:2: 250 daAuts
